 Dungeon Crawl Stone Soup version 0.25-a0-460-g4f2eb97ec1 (webtiles) character file.

Game seed: 16208959302732628063, levelgen mode: deterministic

37507 Eurus the Thaumaturge (level 13, -4/90 HPs)
             Began as a Mummy Conjurer on Feb 3, 2020.
             Was an Elder of Ashenzari.
             Killed from afar by an orc wizard (16 damage)
             ... with a puff of flame
             ... on level 14 of the Dungeon.
             The game lasted 01:49:28 (35167 turns).

Eurus the Thaumaturge (Mummy Conjurer)             Turns: 35167, Time: 01:49:29

Health: -4/90      AC: 19    Str: 11    XL:     13   Next: 58%
Magic:  21/28      EV: 11    Int: 19    God:    Ashenzari [****..]
Gold:   837        SH:  9    Dex: 13    Spells: 22/34 levels left

rFire    x . .     SeeInvis +   a - staff of wizardry (curse)
rCold    + . .     Gourm    .   w - +0 shield
rNeg     + + +     Faith    .   D - +0 acid dragon scales
rPois    ∞         Spirit   .   p - +0 helmet
rElec    .         Reflect  .   u - +1 cloak
rCorr    +         Harm     .   n - +0 pair of gloves
MR       +....     Clarity  +   x - +0 pair of boots
Stlth    +.........             y - amulet of magic regeneration (curse)
HPRegen  0.25/turn              d - +2 ring of evasion
MPRegen  0.46/turn              o - +4 ring of protection

@: no status effects
A: no food or potions, fire vulnerability, cold resistance 1, negative energy
resistance 3, torment resistance, unbreathing, in touch with death 1
a: Curse Item, Scrying, Renounce Religion


You were on level 14 of the Dungeon.
You worshipped Ashenzari.
Ashenzari was greatly pleased with you.
You were not hungry.

You visited 3 branches of the dungeon, and saw 19 of its levels.
You also visited: Volcano.

You collected 837 gold pieces.

Inventory:

Armour
 h - a +2 leather armour of fire resistance
 n - a +0 pair of gloves (worn)
 p - a +0 helmet (worn)
 u - a +1 cloak (worn)
 w - a +0 shield (worn)
 x - a +0 pair of boots (worn)
 D - +0 acid dragon scales (worn)
Magical Staves
 a - a cursed staff of wizardry (weapon)
Jewellery
 d - a +2 ring of evasion (left hand)
 m - an uncursed ring of resist corrosion
 o - a +4 ring of protection (right hand)
 s - the cursed ring "Ruthen" {rElec rPois Str-3 Int+4 Dex-4}
   (You found it on level 10 of the Dungeon)

   [ring of strength]

   It affects your strength (-3).
   It affects your intelligence (+4).
   It affects your dexterity (-4).
   It insulates you from electricity.
   It protects you from poison.
   It has a curse placed upon it.
 t - an uncursed ring of ice
 v - a +3 ring of dexterity
 y - a cursed amulet of magic regeneration (around neck)
Wands
 i - a wand of disintegration (9)
 q - a wand of flame (19)
 z - a wand of iceblast (21)
 B - a wand of polymorph (5)
 C - a wand of enslavement (7)
Scrolls
 b - 2 scrolls of enchant weapon
 c - 5 scrolls of identify
 e - 3 scrolls of teleportation
 f - 3 scrolls of magic mapping
 g - 13 scrolls of remove curse
 j - 9 scrolls of amnesia
 l - 3 scrolls of enchant armour
 A - a scroll of vulnerability


   Skills:
 + Level 4.7 Fighting
 - Level 6.0 Staves
 + Level 9.9 Armour
 - Level 1.5 Dodging
 - Level 1.5 Stealth
 + Level 6.3 Shields
 - Level 11.3(14.5) Spellcasting
 - Level 10.0 Conjurations
 + Level 7.9 Translocations


You had 22 spell levels left.
You knew the following spells:

 Your Spells              Type           Power        Failure   Level  Hunger
a - Magic Dart            Conj           ####         1%          1    N/A
b - Searing Ray           Conj           ######       1%          2    N/A
c - Iskenderun's Mystic   Conj/Tloc      #####...     1%          4    N/A
d - Blink                 Tloc           N/A          1%          2    N/A
e - Gell's Gravitas       Tloc           #####.....   1%          3    N/A

Your spell library contained the following spells:

 Spells                   Type           Power        Failure   Level  Hunger
 Apportation              Tloc           #####.       1%          1    N/A
 Foxfire                  Conj/Fire      ####         1%          1    N/A
 Conjure Flame            Conj/Fire      ####....     3%          3    N/A
 Dazzling Flash           Conj/Hex       ####..       3%          3    N/A
 Mephitic Cloud           Conj/Pois/Air  ####....     6%          3    N/A
 Animate Skeleton         Necr           N/A          9%          1    N/A
 Corona                   Hex            ##.....      9%          1    N/A
 Pain                     Necr           ###.         9%          1    N/A
 Summon Small Mammal      Summ           ##..         9%          1    N/A
 Fulminant Prism          Conj/Hex       ####......   11%         4    N/A
 Sticky Flame             Conj/Fire      ####....     11%         4    N/A
 Call Imp                 Summ           ##......     12%         2    N/A
 Slow                     Hex            ##......     12%         2    N/A
 Confusing Touch          Hex            ##......     24%         3    N/A
 Inner Flame              Hex/Fire       ##......     24%         3    N/A
 Vampiric Draining        Necr           ###.......   24%         3    N/A
 Fireball                 Conj/Fire      ####......   28%         5    N/A
 Animate Dead             Necr           N/A          58%         4    N/A
 Petrify                  Tmut/Erth      ##......     58%         4    N/A
 Agony                    Necr           ###.....     89%         5    N/A
 Metabolic Englaciation   Hex/Ice        ##........   89%         5    N/A
 Yara's Violent Unravell  Hex/Tmut       ##........   89%         5    N/A

Dungeon Overview and Level Annotations

Branches:
Dungeon (14/15)            Temple (1/1) D:5            Lair (4/6) D:8
  Swamp (0/4) Lair:3        Snake (0/4) Lair:2          Orc (0/2) D:12
 Vaults (0/5) D:13        Volcano (visited)

Altars:
Ashenzari
Cheibriados
Dithmenos
Elyvilon
Gozag
Hepliaklqana
Kikubaaqudgha
Okawaru
Qazlal
Ru
Trog
Uskayaw
Wu Jian
Zin

Shops:
D:4 (   D:5 %   D:8 !   D:10 *   D:12 !

Annotations:
D:11 2 runed translucent doors, EnegeticOcto's ghost, journeyman FoBe
D:13 2 runed translucent doors, exclusion: ironheart preserver, Yteday's ghost, journeyman GrFE
Lair:1 Gastronok
Lair:2 exclusion: sensed monster (detected)
Lair:3 exclusion: oklob plant
Lair:4 exclusion: sensed monster (detected)


Innate Abilities, Weirdness & Mutations

You do not eat or drink.
Your flesh is vulnerable to fire.
You are immune to poison.
Your flesh is cold resistant. (rC+)
You are immune to negative energy. (rN+++)
You are immune to unholy pain and torment.
You can survive without breathing.
You are in touch with the powers of death.


Message History

You feel yourself speed up. The orc warrior closely misses you.
Casting: Blink (safe; 1% risk of failure)
Confirm with . or Enter, or press ? or * to list all spells.
You blink.
The orc wizard casts a spell.
The orc wizard seems to speed up.
The orc warrior hits you from afar with a +0 trident!
* * * LOW HITPOINT WARNING * * *
The orc wizard misses you.
There is an open door here.
The orc wizard hits you with a +0 dagger.
* * * LOW HITPOINT WARNING * * *
The orc wizard looks satisfied for a moment.
The orc wizard points at you and mumbles some strange words.
The puff of flame hits you but does no damage.
You see here a worker ant corpse.
The orc wizard gestures at you while chanting.
The puff of flame hits you! The fire burns you terribly!
You die...

,,,, ,
,,#>.o.........#
, ,,
,+............#
, , **
#............# +
####'#########
#)# ,* #.# * ,
#.# #.# * * #@#
, #.# #†## #W.#
##o# #.# ,* #o##
#..# * *
######'#####


You could see a freezing wraith, an orc warrior and an orc wizard.

Vanquished Creatures
  A hydra (Lair:1)
  3 centaur warriors (D:13)
  A tengu warrior (D:13)
  2 two-headed ogres
  Urug (Lair:4)
  Nergalle (Lair:4)
  4 unseen horrors
  A wolf spider zombie (D:13)
  A deep elf mage (D:13)
  An ugly thing (D:11)
  2 manticores
  Joseph (D:8)
  3 black mambas
  A gargoyle (D:11)
  3 spiny frogs
  A rime drake (Lair:4)
  5 komodo dragons
  A merfolk (D:9)
  2 trolls (D:13)
  Prince Ribbit (D:6)
  A polar bear (D:10)
  2 bog bodies (Lair:2)
  8 blink frogs (Lair:3)
  Grinder (D:6)
  6 slime creatures (D:13)
  8 hippogriffs
  A shadow (D:13)
  A fire bat (Volcano)
  2 wraiths
  41 yaks
  Grum (D:8)
  A basilisk (Lair:3)
  3 hungry ghosts
  2 acid dragons
  Duvessa (D:4)
  15 water moccasins
  A porcupine (Lair:2)
  11 orc warriors
  4 sky beasts
  4 ice beasts
  A black bear (D:8)
  5 ogres
  An eye of draining (D:10)
  4 phantoms
  6 wolves
  9 centaurs
  6 crocodiles
  4 big kobolds
  11 bullfrogs
  3 troll zombies (D:12)
  Dowan (D:4)
  4 killer bees (D:7)
  3 wights (D:14)
  5 howler monkeys
  4 electric eels
  A bullfrog zombie (D:13)
  7 crimson imps
  2 lava snakes
  3 centaur zombies
  A quasit (D:11)
  7 hounds
  3 orc priests
  6 jellies
  A bullfrog skeleton (D:11)
  3 centaur skeletons
  14 orc wizards
  Ijyb (D:5)
  2 iguanas
  10 worker ants
  5 ogre zombies (D:12)
  2 hound zombies
  A hound skeleton (D:7)
  A worker ant zombie (D:8)
  5 gnolls (D:4)
  20 adders
  A shadow imp (D:7)
  A howler monkey simulacrum (D:10)
  3 white imps (D:10)
  A worker ant simulacrum (D:10)
  4 ufetubi (D:10)
  2 oozes
  2 adder zombies (D:6)
  2 adder skeletons
  2 worms (D:3)
  6 dart slugs
  3 leopard geckos
  58 orcs
  2 ball pythons
  12 giant cockroaches
  13 goblins
  12 hobgoblins
  10 jackals
  39 kobolds
  3 quokkas
  9 bats
  5 frilled lizards
  2 goblin skeletons (D:12)
  4 goblin zombies (D:12)
  A hobgoblin skeleton (D:12)
  An orc skeleton (D:12)
  17 orc zombies (D:12)
  2 quokka skeletons
  13 rats
542 creatures vanquished.

Vanquished Creatures (others)
  3 fungi
  2 plants
5 creatures vanquished.

Grand Total: 547 creatures vanquished

Notes
Turn   | Place    | Note
-------+----------+-------------------------------------------
     0 | D:1      | Eurus the Mummy Conjurer began the quest for the Orb.
     0 | D:1      | Reached XP level 1. HP: 13/13 MP: 4/4
   835 | D:1      | Reached skill level 3 in Spellcasting
   835 | D:1      | Reached XP level 2. HP: 19/20 MP: 0/6
   839 | D:1      | Learned a level 2 spell: Searing Ray
   960 | D:1      | Found a shattered altar of Ashenzari.
   966 | D:1      | Reached skill level 1 in Fighting
  1098 | D:1      | Became a worshipper of Ashenzari the Shackled
  1300 | D:1      | Reached XP level 3. HP: 4/26 MP: 2/7
  2321 | D:2      | Reached XP level 4. HP: 29/33 MP: 5/9
  2498 | D:2      | Found a hazy altar of Hepliaklqana.
  3398 | D:3      | Reached skill level 4 in Spellcasting
  3574 | D:3      | Noticed an ogre
  3938 | D:3      | Reached XP level 5. HP: 39/39 MP: 2/11
  4165 | D:3      | Found a sacrificial altar of Ru.
  4317 | D:4      | Reached skill level 1 in Armour
  4399 | D:4      | Found an iron altar of Okawaru.
  4402 | D:4      | Found a shattered altar of Ashenzari.
  4481 | D:4      | Noticed Dowan
  4895 | D:4      | Reached skill level 1 in Staves
  5386 | D:4      | Found Morgh's Antique Weapon Boutique.
  5448 | D:4      | Reached XP level 6. HP: 46/46 MP: 8/13
  5504 | D:4      | Reached * piety under Ashenzari
  5867 | D:4      | Found a snail-covered altar of Cheibriados.
  5871 | D:4      | Noticed Duvessa
  5906 | D:3      | Reached skill level 5 in Spellcasting
  6030 | D:4      | Found an ornate altar of the Wu Jian Council.
  6393 | D:5      | Entered Level 5 of the Dungeon
  6772 | D:5      | Found a staircase to the Ecumenical Temple.
  6776 | Temple   | Entered the Ecumenical Temple
  6796 | D:5      | Found Doyjiac's Food Shop.
  6805 | D:5      | Reached XP level 7. HP: 37/51 MP: 6/15
  7437 | D:5      | Found an opulent altar of Gozag.
  7813 | D:5      | Noticed Ijyb
  7838 | D:4      | Found an ancient bone altar of Kikubaaqudgha.
  7838 | D:4      | Found a stormy altar of Qazlal.
  8125 | D:4      | Reached skill level 6 in Spellcasting
  8300 | D:5      | Killed Ijyb
  8469 | D:5      | Reached skill level 5 in Conjurations
  8881 | D:6      | Noticed Grinder
  9233 | D:6      | Found a white marble altar of Elyvilon.
  9392 | D:6      | Reached XP level 8. HP: 45/57 MP: 9/17
  9599 | D:6      | Paralysed by Grinder for 6 turns
  9605 | D:6      | Killed Grinder
 10583 | D:6      | Reached skill level 7 in Spellcasting
 11550 | D:7      | Reached ** piety under Ashenzari
 12167 | D:7      | Found a hide-covered altar of Uskayaw.
 12358 | D:7      | Reached XP level 9. HP: 62/62 MP: 9/20
 13149 | D:8      | Reached skill level 8 in Spellcasting
 13551 | D:8      | Found a staircase to the Lair.
 13648 | D:8      | Reached skill level 5 in Armour
 13919 | D:8      | Reached skill level 5 in Staves
 14042 | D:8      | Noticed Joseph
 14167 | D:8      | Found a glowing silver altar of Zin.
 14495 | D:8      | Found Hyettac's Distillery.
 14511 | D:8      | Noticed Grum
 14521 | D:8      | Reached skill level 9 in Spellcasting
 14527 | D:8      | HP: 2/62 [wolf[Grum] (6)]
 15057 | D:8      | Killed Grum
 15430 | D:9      | Reached XP level 10. HP: 68/68 MP: 14/23
 17077 | D:4      | Killed Dowan
 17205 | D:4      | Killed Duvessa
 17519 | D:6      | Noticed Prince Ribbit
 18008 | D:6      | Learned a level 4 spell: Iskenderun's Mystic Blast
 18305 | D:6      | Killed Prince Ribbit
 18503 | D:10     | Entered Level 10 of the Dungeon
 18664 | D:10     | Identified the cursed ring "Ruthen" {rElec rPois Str-3
                  | Int+4 Dex-4}
 18683 | D:10     | Reached skill level 1 in Translocations
 19455 | D:10     | Reached skill level 10 in Spellcasting
 19593 | D:10     | Noticed a two-headed ogre
 20506 | D:10     | Reached XP level 11. HP: 58/73 MP: 17/25
 20998 | D:10     | Killed a two-headed ogre
 21219 | D:10     | Found Xuuhous's Changing Room.
 21542 | D:11     | Noticed a brown ugly thing
 21662 | D:11     | Identified the +8 hunting sling of Extermination {flame,
                  | Fragile MR+++ Int+5}
 21960 | D:11     | Reached *** piety under Ashenzari
 21960 | D:11     | Noticed a two-headed ogre
 22103 | Lair:1   | Entered Level 1 of the Lair of Beasts
 22295 | Lair:1   | Learned a level 2 spell: Blink
 22327 | Lair:1   | Noticed Gastronok
 22363 | Lair:1   | Noticed a four-headed hydra
 22380 | Lair:1   | Killed a four-headed hydra
 22380 | Lair:1   | Reached skill level 11 in Spellcasting
 23465 | Lair:1   | Learned a level 3 spell: Gell's Gravitas
 23825 | Lair:2   | Found a staircase to the Snake Pit.
 23845 | Lair:2   | Reached skill level 1 in Shields
 24733 | Lair:2   | Reached skill level 5 in Translocations
 25224 | Lair:3   | Reached XP level 12. HP: 71/80 MP: 19/27
 25292 | Lair:3   | Found a dark tunnel.
 25301 | Volcano  | Entered a volcano
 25815 | Lair:3   | Identified the +6 rapier of the Unliving {vorpal, -Tele
                  | *Noise rC+ Dex+6 Stlth+}
 25817 | Lair:3   | Identified the +2 battleaxe "Abotey" {venom, rC+ Str+5}
 26026 | Lair:3   | Reached **** piety under Ashenzari
 26669 | Lair:3   | Found a staircase to the Swamp.
 26703 | Lair:2   | HP: 1/80 [bog body/bolt of cold (9)]
 28069 | Lair:4   | Noticed Urug
 28069 | Lair:4   | Noticed a death yak
 28211 | Lair:4   | Noticed Nergalle
 28337 | Lair:4   | Killed Nergalle
 28426 | Lair:4   | Killed Urug
 28567 | Lair:4   | Noticed a death yak
 28567 | Lair:4   | Noticed a death yak
 29963 | D:8      | Killed Joseph
 31025 | D:11     | Reached skill level 10 in Conjurations
 31462 | D:11     | Killed a two-headed ogre
 31506 | D:11     | Found a large runed translucent door.
 31506 | D:11     | Found a large runed translucent door.
 31506 | D:11     | Noticed EnegeticOcto's ghost (journeyman FoBe)
 31771 | D:12     | Found Awilanud's Distillery.
 31841 | D:12     | Reached skill level 5 in Shields
 32023 | D:12     | Found a staircase to the Orcish Mines.
 32056 | D:12     | Gained mutation: You are in touch with the powers of death.
                  | [Mummy growth]
 32056 | D:12     | Reached XP level 13. HP: 85/85 MP: 12/28
 33045 | D:13     | Found a large runed translucent door.
 33045 | D:13     | Found a large runed translucent door.
 33048 | D:13     | Noticed Yteday's ghost (journeyman GrFE)
 33227 | D:13     | Noticed an ironheart preserver
 34122 | D:13     | Found a gate to the Vaults.
 35167 | D:14     | Killed from afar by an orc wizard

Levels and vault maps discovered:
D:1:      onia_arrival_larder, layout_basic, minivault_11, hex_large,
          evilmike_ruin_ashenzari
D:2:      layout_basic, nicolae_overflow_crystal_walls, wad_floor_pattern_2,
          minmay_strange_pillars, bh_walls_and_bars
D:3:      layout_rooms, nicolae_ru_path_of_blood, first_ration
D:4:      corexii_shantytown, layout_basic, overflow_temple_1_default,
          nicolae_overflow_hidden_temple, serial_shops, nicolae_shop_trees,
          uniq_duvessa
D:5:      layout_basic, grunt_gozag_breadcrumbs,
          minmay_temple_entry_glassed_door, serial_shops,
          nicolae_shop_competitors_out_of_business, uniq_ijyb
D:6:      layout_basic, elyvilon_altar_5, uniq_grinder, uniq_prince_ribbit1
D:7:      layout_loops_corners, lemuel_round_altar
D:8:      layout_basic, lemuel_coloured_pillars_altar, lair_entry_dummy,
          serial_shops, kennysheep_little_box, uniq_grum, uniq_joseph
D:9:      layout_basic, hangedman_fish_farm, kennysheep_generic_room_7
D:10:     layout_basic, serial_ice, serial_ice_i, serial_ice_o, serial_ice_g,
          serial_ice_a, kennysheep_doodads, roderic_lattice_a,
          nicolae_transmutations_shop
D:11:     layout_stronghold, ebering_ghost_disaster_area
D:12:     layout_roguey, zombieorc2_lemuel, serial_shops, shop_fountains
D:13:     layout_roguey, skrybe_vaults_entry_preservation,
          ebering_ghost_disaster_area
D:14:     layout_roguey, corexii_leaking_fountain,
          portal_ice_cave_entry_pillars_2
Temple:   dpeg_chambers_temple
Lair:1:   layout_chaotic_city, uniq_gastronok
Lair:2:   layout_misc_corridors, minmay_snake_entry_six_corridors,
          minmay_shattered_shrine, lemuel_fruit_tree
Lair:3:   layout_chaotic_city, skrybe_swamp_entry_bodies,
          nicolae_volcano_entry_two_sided, serial_bayou, serial_bayou_shore_a,
          serial_bayou_pond_b, serial_bayou_pond_e, serial_bayou_shore_b,
          nicolae_quartered_pool_little, minmay_lair_oklob_chamber,
          lemuel_fruit_fields
Lair:4:   layout_layer_cave, gauntlet_entry_generic,
          infiniplex_staircase_pool_2, uniq_urug, uniq_nergalle

Skill      XL: |  1  2  3  4  5  6  7  8  9 10 11 12 13 |
---------------+----------------------------------------+-----
Spellcasting   | 3 4 5 6 7 9 10 11 | 11.3
Fighting       | 1 2 4 |  4.7
Conjurations   | 4 5 6 7 8 9 10 | 10.0
Armour         | 1 2 3 4 5 6 8 9 |  9.9
Staves         | 1 2 4 5 6 |  6.0
Translocations | 2 5 6 7 |  7.9
Shields        | 2 5 6 |  6.3
Dodging        | |  1.5
Stealth        | |  1.5

Action                   |  1- 3 |  4- 6 |  7- 9 | 10-12 | 13-15 || total
-------------------------+-------+-------+-------+-------+-------++-------
Melee: Unarmed           |    38 |       |       |       |       ||    38
       Club              |    29 |       |       |       |       ||    29
       Short sword       |    23 |    37 |       |       |       ||    60
       Dagger            |       |   108 |       |       |       ||   108
       Staff             |       |     6 |    24 |    39 |    20 ||    89
 Cast: Magic Dart        |    86 |    90 |   129 |   230 |    70 ||   605
       Searing Ray       |     2 |    17 |    94 |   202 |    85 ||   400
       Blink             |       |       |       |     1 |     5 ||     6
Invok: Curse Item        |       |       |     1 |     1 |       ||     2
  Use: Scroll            |       |     7 |     3 |     7 |       ||    17
 Stab: Sleeping          |     2 |     6 |     1 |       |       ||     9
Armor: Robe              |    28 |     2 |       |       |       ||    30
       Leather armour    |       |    26 |     2 |    13 |       ||    41
       Ring mail         |       |       |    62 |    49 |       ||   111
       Scale mail        |       |       |       |   153 |       ||   153
       Acid dragon scale |       |       |       |     4 |   110 ||   114
Dodge: Dodged            |    74 |   108 |    86 |   203 |    87 ||   558
Block: Shield            |       |       |       |    57 |    94 ||   151

Table legend:
 A = Non-vault XP
 B = Vault XP
 C = Vault XP percentage of total XP
 D = Non-vault monster count
 E = Vault monster count
 F = Vault count percentage of total count
                 A         B        C        D         E       F
            +---------+---------+-------+---------+---------+-------
      Total |   38464 |   15118 |  28.2 |     396 |     146 |  26.9
            +---------+---------+-------+---------+---------+-------
        D:1 |      51 |       8 |  13.6 |      25 |       5 |  16.7
        D:2 |      58 |       0 |   0.0 |      27 |       0 |   0.0
        D:3 |     212 |       7 |   3.2 |      24 |       3 |  11.1
        D:4 |     165 |     345 |  67.6 |       9 |      33 |  78.6
        D:5 |     657 |      36 |   5.2 |      25 |       1 |   3.8
        D:6 |     885 |     541 |  37.9 |      20 |       2 |   9.1
        D:7 |     990 |     116 |  10.5 |      26 |       1 |   3.7
        D:8 |    1506 |    1040 |  40.8 |      35 |       5 |  12.5
        D:9 |     473 |     630 |  57.1 |      18 |       3 |  14.3
       D:10 |    3827 |    1205 |  23.9 |      29 |      15 |  34.1
       D:11 |    5846 |       0 |   0.0 |      34 |       0 |   0.0
       D:12 |    1159 |     959 |  45.3 |      19 |      36 |  65.5
       D:13 |   10238 |    3236 |  24.0 |      50 |       8 |  13.8
       D:14 |    1498 |       0 |   0.0 |       8 |       0 |   0.0
     Lair:1 |    3243 |       0 |   0.0 |      13 |       0 |   0.0
     Lair:2 |     857 |    4741 |  84.7 |       6 |      28 |  82.4
     Lair:3 |    5123 |     369 |   6.7 |      23 |       2 |   8.0
     Lair:4 |    1676 |    1635 |  49.4 |       5 |       2 |  28.6
    Volcano |       0 |     250 | 100.0 |       0 |       2 | 100.0
            +---------+---------+-------+---------+---------+-------
